 Dungeon Crawl Stone Soup version 0.18-a0-1014-g3bbf375 (webtiles) character file.

3475 kae the Severer (level 10, -1/77 HPs)
             Began as a Hill Orc Fighter on Jan 5, 2016.
             Was an Initiate of Qazlal.
             Killed from afar by an electric eel (10 damage)
             ... with a bolt of electricity
             ... on level 8 of the Dungeon on Jan 6, 2016.
             The game lasted 00:11:39 (7750 turns).

kae the Severer (Hill Orc Fighter)                  Turns: 7750, Time: 00:11:39

Health: -1/77      AC:  8    Str: 33    XL:     10   Next: 6%
Magic:  10/10      EV:  8    Int:  8    God:    Qazlal [......]
Gold:   355        SH: 10    Dex: 10    Spells: 0 memorised, 9 levels left

rFire  . . .     SeeInvis .     a - +1 war axe
rCold  . . .     Gourm    .     F - +0 ring mail (curse)
rNeg   . . .     Faith    .     c - +0 shield
rPois  .         Spirit   .     (no helmet)
rElec  .         Dismiss  .     e - +0 cloak
rCorr  .         Reflect  .     (no gloves)
SustAt .         Harm     .     x - +0 pair of boots
MR     .....                    (no amulet)
Stlth  ..........               o - +6 ring of strength
                                B - +4 ring of strength

@: not resistant to hostile enchantments, extremely unstealthy
A: no striking features
a: Renounce Religion


You were on level 8 of the Dungeon.
You worshipped Qazlal.
Qazlal was noncommittal.
You were not hungry.

You visited 2 branches of the dungeon, and saw 9 of its levels.

You collected 355 gold pieces.

Inventory:

Hand Weapons
 a - a +1 war axe (weapon)
Armour
 b - a +0 scale mail
 c - a +0 shield (worn)
 e - a +0 cloak (worn)
 v - a +1 ring mail
 x - a +0 pair of boots (worn)
 F - a cursed +0 ring mail (worn)
Jewellery
 k - a +4 ring of strength
 l - an uncursed ring of magical power
 o - a +6 ring of strength (right hand)
 q - an uncursed ring of see invisible
 B - a +4 ring of strength (left hand)
 J - an uncursed ring of magical power
Wands
 d - a wand of confusion (26/48)
 m - a wand of frost (38/48)
 r - a wand of flame (12/48)
 w - a wand of confusion (31/48)
 y - a wand of random effects (34/48)
Scrolls
 i - 6 scrolls of remove curse
 p - a scroll of teleportation
 u - 6 scrolls of identify
 I - a scroll of fog
Potions
 g - a potion of invisibility
 s - a potion of poison
 t - a potion of agility
 z - a potion of haste
 A - a potion of mutation {unknown}
 C - a potion of lignification {unknown}
 D - a potion of cure mutation {unknown}
 E - a potion of curing
 H - a potion of resistance {unknown}
Comestibles
 f - 6 bread rations
 h - 4 beef jerkies
 j - 5 meat rations
 n - 2 royal jellies
 G - a chunk of flesh
 K - 7 slices of pizza


   Skills:
 - Level 3.6 Fighting
 + Level 17.0 Axes
 - Level 3.2 Armour
 - Level 3.2 Shields


You had 9 spell levels left.
You didn't know any spells.

Dungeon Overview and Level Annotations

Branches:
Dungeon (8/15)             Temple (1/1) D:7
   Lair: D:8-11

Altars:
Ashenzari
Cheibriados
Dithmenos
Elyvilon
Fedhas
Gozag
Kikubaaqudgha
Makhleb
Nemelex Xobeh
Okawaru
Pakellas
Qazlal
Ru
Sif Muna
Trog
Vehumet
Xom
Yredelemnul
Zin
The Shining One


Message History

The electric eel completely resists.
The bolt of electricity hits you!
The electric eel shoots out a bolt of lightning at you!
The bolt of electricity hits you! The crimson imp hits you.
The electric eel shoots out a bolt of lightning at you!
The bolt of electricity hits you!
The electric eel shoots out a bolt of lightning at you!
The bolt of electricity hits the electric eel.
The electric eel completely resists.
The bolt of electricity misses you. The crimson imp puffs mist at you.
The crimson imp blinks!
The electric eel shoots out a bolt of lightning at you!
The bolt of electricity hits you!
* * * LOW HITPOINT WARNING * * *
The electric eel shoots out a bolt of lightning at you!
The bolt of electricity hits you!
* * * LOW HITPOINT WARNING * * *
The electric eel shoots out a bolt of lightning at you!
The bolt of electricity hits you!
You die...

.....#
#####'###.#
####.#
#.......#.# #.#
#.......#.# #.#
#.......#.# #.#
#.......#.#
#.###.......#.#
#...'.......#.#
#####[.....[#.#
#########@#####
#...÷.....+
#..≈≈..####
###.≈≈≈§.#
♣≈P.≈;...#
≈≈≈♣♣♣♣♣≈..#
≈o≈ ♣≈♣≈♣#
≈≈≈≈P≈≈≈≈5;♣
≈≈≈≈≈P≈P≈≈≈≈≈P


You could see 2 electric eels and a crimson imp.

Vanquished Creatures
  The ghost of Daviar the Skirmisher, a novice DgFi (D:7)
  The ghost of Chiseanne the Magician, an amateur DsWz (D:5)
  A human (D:7)
  A hippogriff (D:7)
  Menkaure (D:7)
  Edmund (D:6)
  Duvessa (D:7)
  A black bear (D:4)
  2 orc warriors
  A phantom (D:5)
  2 sky beasts
  A centaur (D:5)
  A giant frog (D:7)
  Dowan (D:7)
  A wyvern skeleton (D:6)
  2 scorpions (D:4)
  An electric eel (D:8)
  4 crimson imps
  4 hounds
  A jelly (D:5)
  4 orc priests
  3 giant frog skeletons
  10 orc wizards
  Jessica (D:2)
  3 iguanas
  3 worker ants
  Terence (D:2)
  4 sheep (D:7)
  A hound zombie (D:7)
  Robin (D:3)
  8 adders
  A shadow imp (D:5)
  2 oozes
  A worm (D:3)
  5 giant geckos
  35 orcs
  8 giant cockroaches
  5 hobgoblins
  8 jackals
  5 quokkas
  2 ball pythons
  8 bats
  A giant gecko skeleton (D:5)
  5 giant newts
  15 goblins
  A jackal zombie (D:5)
  9 kobolds
  2 quokka zombies
  5 rats
  A plant (D:8)
187 creatures vanquished.

Vanquished Creatures (others)
  A quokka (D:8)
  A plant (D:8)
2 creatures vanquished.

Grand Total: 189 creatures vanquished

Notes
Turn   | Place    | Note
--------------------------------------------------------------
     0 | D:1      | kae the Hill Orc Fighter began the quest for the Orb.
     0 | D:1      | Reached XP level 1. HP: 19/19 MP: 1/1
   471 | D:1      | Reached XP level 2. HP: 26/26 MP: 2/2
   621 | D:2      | Noticed Jessica
   628 | D:2      | Killed Jessica
   628 | D:2      | Reached skill level 5 in Axes
   628 | D:2      | Reached XP level 3. HP: 25/31 MP: 3/3
   909 | D:2      | Reached XP level 4. HP: 36/39 MP: 4/4
   986 | D:2      | Noticed Terence
   998 | D:2      | Killed Terence
   998 | D:2      | Reached skill level 6 in Axes
  1417 | D:3      | Reached XP level 5. HP: 35/45 MP: 5/5
  1432 | D:3      | Reached skill level 7 in Axes
  1766 | D:3      | Noticed Robin
  1780 | D:3      | Killed Robin
  1783 | D:3      | HP: 2/45 [poisoned by Robin]
  1818 | D:2      | Upgraded the game from 0.18-a0-998-gcb3fcb1 to 0.18-a0-1014-g3bbf375
  2398 | D:3      | Reached skill level 8 in Axes
  2398 | D:3      | Reached XP level 6. HP: 44/51 MP: 6/6
  3118 | D:4      | Found a sparkling altar of Nemelex Xobeh.
  3234 | D:4      | Noticed a black bear
  3241 | D:4      | Killed a black bear
  3241 | D:4      | Reached skill level 9 in Axes
  3316 | D:4      | Reached XP level 7. HP: 31/57 MP: 7/7
  3619 | D:4      | Reached skill level 10 in Axes
  4241 | D:5      | Entered Level 5 of the Dungeon
  4241 | D:5      | Noticed Chiseanne's ghost (amateur DsWz)
  4259 | D:5      | Killed Chiseanne's ghost
  4259 | D:5      | Reached skill level 11 in Axes
  4542 | D:5      | Reached XP level 8. HP: 59/64 MP: 8/8
  4853 | D:5      | Reached skill level 12 in Axes
  5334 | D:6      | Noticed Edmund
  5354 | D:6      | Killed Edmund
  5354 | D:6      | Reached skill level 13 in Axes
  5525 | D:6      | Found a sacrificial altar of Ru.
  5537 | D:6      | Found a glowing silver altar of Zin.
  6036 | D:7      | Reached skill level 14 in Axes
  6036 | D:7      | Reached XP level 9. HP: 70/70 MP: 9/9
  6076 | D:7      | Noticed Menkaure
  6087 | D:7      | Killed Menkaure
  6115 | D:7      | Found a staircase to the Ecumenical Temple.
  6134 | D:7      | Noticed Daviar's ghost (novice DgFi)
  6157 | D:7      | Killed Daviar's ghost
  6157 | D:7      | Reached skill level 15 in Axes
  6180 | Temple   | Entered the Ecumenical Temple
  6437 | Temple   | Became a worshipper of Qazlal Stormbringer
  6762 | D:7      | Noticed Duvessa
  6765 | D:7      | Noticed Dowan
  6771 | D:7      | Killed Duvessa
  6773 | D:7      | Killed Dowan
  6783 | D:7      | Reached skill level 16 in Axes
  7275 | D:8      | Reached XP level 10. HP: 77/77 MP: 10/10
  7324 | D:8      | Reached skill level 17 in Axes
  7750 | D:8      | Killed from afar by an electric eel

Vault maps used:
D:1:      sevenhm_arrival_forest_fort_small_6
D:2:      hangedman_feature_mirror, uniq_jessica, uniq_terence
D:3:      serial_curves, eino_curves_04, eino_curves_03, serial_park_tiny_pond,
          uniq_robin
D:4:      black_bear_nest_2, nemelex_xobeh_ov_fountains_minmay
D:5:      first_bread
D:6:      amethyst_overflow_temple_binary, grunt_decor_fettered,
          dk_rats_in_the_wall, uniq_edmund
D:7:      minmay_temple_entry_statues_fountains, grunt_livestock, uniq_menkaure,
          uniq_duvessa
D:8:      serial_shops, shop_statue, hangedman_abyss_or_decor_stagger,
          serial_bayou_lake_a
Temple:   minmay_crystal_snake_temple_18

Action                   |  1- 3 |  4- 6 |  7- 9 | 10-12 || total
-------------------------+-------+-------+-------+-------++-------
Melee: War axe           |    84 |   192 |   296 |    21 ||   593
  Use: Scroll            |       |     9 |     6 |       ||    15
       Potion            |       |     2 |     3 |       ||     5
  Eat: Chunk             |       |     8 |    11 |     1 ||    20
       Royal jelly       |       |       |     1 |       ||     1
